 Dungeon Crawl Stone Soup version 0.21.1-1-g345015f (webtiles) character file.

5744 grindst0ne the Fiendish (level 10, -3/120 HPs)
             Began as a Demonspawn Fire Elementalist on Feb 22, 2018.
             Was a Priest of Makhleb.
             Slain by a six-headed hydra (4 damage)
             ... on level 1 of the Lair of Beasts.
             The game lasted 00:47:21 (14525 turns).

grindst0ne the Fiendish (DsFE)                     Turns: 14525, Time: 00:47:22

Health: -3/120     AC: 25    Str: 12    XL:     10   Next: 49%
Magic:  19/19      EV:  2    Int: 16    God:    Makhleb [***...]
Gold:   551        SH:  0    Dex: 12    Spells: 5/13 levels left

rFire    + . .     SeeInvis .   i - +0 war axe
rCold    + . .     Gourm    .   (no shield)
rNeg     + + +     Faith    .   (armour currently unavailable)
rPois    +         Spirit   .   (helmet currently unavailable)
rElec    .         Reflect  .   (cloak currently unavailable)
rCorr    .         Harm     .   (gloves currently unavailable)
MR       +....     NoTele   +   (boots currently unavailable)
Stlth    ++........             (no amulet)
HPRegen  0.30/turn              h - ring of protection from fire
MPRegen  0.16/turn              o - ring of protection from cold

@: tree-form, hasted, invisible, very quick
A: clumsy 1, high mp 1, magic resistance 1, powered by death 2, flame cloud
immunity
a: Minor Destruction, Lesser Servant of Makhleb, Renounce Religion


You were on level 1 of the Lair of Beasts.
You worshipped Makhleb.
Makhleb was most pleased with you.
You were very hungry.
You were a tree.
You visited 2 branches of the dungeon, and saw 10 of its levels.
You also visited: Sewer.

You collected 551 gold pieces.

Inventory:

Hand Weapons
 i - a +0 war axe (weapon)
Armour
 e - a +1 hat (melded)
 j - a +0 pair of boots (melded)
 p - a +2 cloak of poison resistance (melded)
 q - a +0 pair of gloves (melded)
 s - a +0 chain mail
 y - a +0 leather armour (melded)
 G - the +6 plate armour "Ekunta" {Regen+}
   (You found it on level 7 of the Dungeon)

   It increases your rate of regeneration.
Jewellery
 h - a ring of protection from fire (left branch)
 o - a ring of protection from cold (right branch)
Wands
 a - a wand of enslavement (6)
 d - a wand of digging (8)
 r - a wand of iceblast (7)
Scrolls
 f - 3 scrolls of fog
 k - 9 scrolls of teleportation
 m - 2 scrolls of remove curse
 t - 3 scrolls of magic mapping
 u - a scroll of enchant armour
 v - a scroll of identify
 x - 3 scrolls of enchant weapon
Potions
 g - a potion of lignification
 w - a potion of mutation
 C - 2 potions of agility
 D - a potion of berserk rage
 F - a potion of magic
Books
 b - a book of Flames

   Spells                             Type                      Level
   a - Flame Tongue                   Conjuration/Fire             1
   b - Throw Flame                    Conjuration/Fire             2
   c - Conjure Flame                  Conjuration/Fire             3
   d - Inner Flame                    Hexes/Fire                   3
   e - Sticky Flame                   Conjuration/Fire             4
   f - Fireball                       Conjuration/Fire             5
 l - a book of Minor Magic

   Spells                             Type                      Level
   a - Magic Dart                     Conjuration                  1
   b - Blink                          Translocation                2
   c - Call Imp                       Summoning                    2
   d - Slow                           Hexes                        2
   e - Conjure Flame                  Conjuration/Fire             3
   f - Mephitic Cloud                 Conjuration/Poison/Air       3
Comestibles
 c - 8 rations


   Skills:
 + Level 8.0 Fighting
 + Level 7.2 Axes
 + Level 5.1 Armour
 - Level 1.7 Dodging
 - Level 1.7 Stealth
 - Level 2.0 Spellcasting
 - Level 1.0 Conjurations
 - Level 5.0 Fire Magic
 - Level 10.4 Invocations


You had 5 spell levels left.
You knew the following spells:

 Your Spells              Type           Power        Failure   Level  Hunger
a - Flame Tongue          Conj/Fire      ##...        6%          1    #......
b - Throw Flame           Conj/Fire      ##....       9%          2    ###....
c - Fireball              Conj/Fire      ##........   86%         5    ######.


Dungeon Overview and Level Annotations

Branches:
Dungeon (9/15)             Temple (0/1) D:7            Lair (1/6) D:9
    Orc (0/2) D:9

Altars:
Dithmenos
Elyvilon
Gozag
Hepliaklqana
Kikubaaqudgha
Makhleb
Qazlal
Sif Muna
Wu Jian
Xom
Zin

Shops:
D:7 :

Annotations:
D:7 exclusion: downstairs


Innate Abilities, Weirdness & Mutations

((You have large cloven feet.))
((You are partially covered in icy blue scales. (AC +2)))
((Your flesh is heat resistant. (rF+)))
You regenerate health from kills.
You are immune to clouds of flame.
You are clumsy. (Dex -2)
You have an increased reservoir of magic. (+10% MP)
You are resistant to hostile enchantments. (MR+)


Message History

* * * LOW HITPOINT WARNING * * *
The six-headed hydra bites you.
* * * LOW HITPOINT WARNING * * *
Okay, then.
You cannot move. (Use ctrl+direction to attack without moving.) It was a potion of haste.
You feel yourself speed up.
You feel less invigorated.
You feel less confused.
The six-headed hydra bites you but does no damage. x5
The six-headed hydra bites you.
* * * LOW HITPOINT WARNING * * *
Okay, then.
Okay, then.
You fade into invisibility!
The six-headed hydra bites you but does no damage.
The six-headed hydra bites you.
* * * LOW HITPOINT WARNING * * *
The six-headed hydra bites you but does no damage. x2
The six-headed hydra bites you.
You die...

##......#
.......#
#......#
#......#
#......+
#......#
#....D.#
#....♣.#
####P###
##


You could see a six-headed hydra.

Vanquished Creatures
  A two-headed ogre (D:8)
  The ghost of Autsider the Sneak, a novice SpEn (D:7)
  A hippogriff (D:8)
  An orc warrior (D:9)
  3 sky beasts
  An ice beast (D:8)
  3 phantoms
  6 ogres
  A black bear (D:8)
  A wolf (D:8)
  3 centaurs
  2 big kobolds
  2 bullfrogs
  Blork the orc (D:4)
  A scorpion (D:9)
  2 killer bees (D:7)
  2 howler monkeys
  A bullfrog zombie (D:5)
  5 orc priests
  7 hounds
  A jelly (D:7)
  3 centaur skeletons
  4 orc wizards
  4 iguanas
  9 worker ants
  A worker ant zombie (D:5)
  8 adders
  A river rat (D:6)
  A shadow imp (D:5)
  2 adder zombies
  4 oozes (Sewer)
  An adder skeleton (D:9)
  4 worms
  2 dart slugs (D:1)
  10 leopard geckos
  53 orcs
  13 bats
  7 giant cockroaches
  12 hobgoblins
  14 jackals
  17 kobolds
  3 quokkas
  7 ball pythons
  8 frilled lizards
  5 goblins
  10 rats
249 creatures vanquished.

Vanquished Creatures (collateral kills)
  Gastronok (D:8)
  Maurice (D:9)
  Psyche (D:8)
  Grum (D:8)
  A wolf (D:8)
  A killer bee (D:7)
  A hound (D:8)
  An adder (D:8)
8 creatures vanquished.

Grand Total: 257 creatures vanquished

Notes
Turn   | Place    | Note
-------+----------+-------------------------------------------
     0 | D:1      | grindst0ne the Demonspawn Fire Elementalist began the quest for the Orb.
     0 | D:1      | Reached XP level 1. HP: 13/13 MP: 3/3
    77 | D:1      | Reached skill level 1 in Fighting
   126 | D:1      | Gained mutation: You regenerate a little health from kills. [demonic ancestry]
   126 | D:1      | Reached XP level 2. HP: 11/22 MP: 0/5
   271 | D:1      | Learned a level 2 spell: Throw Flame
  1292 | D:1      | Reached XP level 3. HP: 26/28 MP: 6/6
  1660 | D:2      | Found a burning altar of Makhleb.
  1677 | D:2      | Gained mutation: You are resistant to hostile enchantments. (MR+) [potion of mutation]
  1677 | D:2      | Gained mutation: You are clumsy. (Dex -2) [potion of mutation]
  1677 | D:2      | Gained mutation: You have an increased reservoir of magic. (+10% MP) [potion of mutation]
  1683 | D:2      | Gained mutation: You are partially covered in icy blue scales. (AC +2) [demonic ancestry]
  1683 | D:2      | Reached XP level 4. HP: 11/35 MP: 1/7
  1749 | D:2      | Became a worshipper of Makhleb the Destroyer
  2111 | D:2      | Reached skill level 1 in Invocations
  2704 | D:3      | Reached skill level 2 in Invocations
  2704 | D:3      | Gained mutation: You regenerate health from kills. [demonic ancestry]
  2704 | D:3      | Reached XP level 5. HP: 5/42 MP: 0/8
  2719 | D:3      | Reached * piety under Makhleb
  2998 | D:3      | Learned a level 5 spell: Fireball
  3627 | D:4      | Reached skill level 3 in Invocations
  3763 | D:3      | Gained mutation: You have large cloven feet. [demonic ancestry]
  3763 | D:3      | Reached XP level 6. HP: 41/48 MP: 1/9
  4195 | D:4      | Reached skill level 4 in Invocations
  4523 | D:4      | Reached XP level 7. HP: 52/55 MP: 6/11
  4558 | D:4      | Reached ** piety under Makhleb
  4558 | D:4      | Reached skill level 5 in Fighting
  4896 | D:4      | Noticed Blork the orc
  4904 | D:4      | Killed Blork the orc
  4904 | D:4      | Reached skill level 5 in Fire Magic
  4904 | D:4      | Reached skill level 5 in Invocations
  4909 | D:4      | Found a deep blue altar of Sif Muna.
  5097 | D:5      | Entered Level 5 of the Dungeon
  5289 | D:5      | Reached skill level 1 in Axes
  5660 | D:5      | Reached skill level 6 in Invocations
  6172 | D:5      | Gained mutation: Your flesh is heat resistant. (rF+) [demonic ancestry]
  6172 | D:5      | Reached XP level 8. HP: 62/62 MP: 1/14
  6351 | D:6      | Reached skill level 7 in Invocations
  6541 | D:6      | Found a glowing drain.
  6553 | Sewer    | Entered a sewer
  6654 | Sewer    | Reached *** piety under Makhleb
  7082 | Sewer    | Reached skill level 8 in Invocations
  7354 | D:6      | Found a white marble altar of Elyvilon.
  7381 | D:6      | Found a shadowy altar of Dithmenos.
  7528 | D:6      | Found a hazy altar of Hepliaklqana.
  7708 | D:6      | Found an opulent altar of Gozag.
  7833 | D:7      | Found Natav's Book Shoppe.
  7860 | D:7      | Noticed Autsider's ghost (novice SpEn)
  7881 | D:7      | Killed Autsider's ghost
  7948 | D:7      | Got a polished plate armour
  7959 | D:7      | Identified the +6 plate armour "Ekunta" {Regen+} (You found it on level 7 of the Dungeon)
  8059 | D:7      | Found an ornate altar of the Wu Jian Council.
  8093 | D:7      | Reached skill level 9 in Invocations
  8125 | D:7      | Reached XP level 9. HP: 28/68 MP: 3/17
  8422 | D:7      | Reached skill level 5 in Axes
  8468 | D:7      | Reached skill level 1 in Armour
  8515 | D:7      | Found a staircase to the Ecumenical Temple.
  9007 | D:8      | Found a glowing silver altar of Zin.
  9009 | D:8      | Found an ancient bone altar of Kikubaaqudgha.
 10122 | D:8      | Found a stormy altar of Qazlal.
 10122 | D:8      | Noticed a two-headed ogre
 10170 | D:8      | Killed a two-headed ogre
 10170 | D:8      | Reached skill level 10 in Invocations
 10269 | D:8      | Noticed Psyche
 10271 | D:8      | Noticed Grum
 10279 | D:8      | Killed Psyche
 10284 | D:8      | Killed Grum
 10560 | D:8      | Found a shadowy altar of Dithmenos.
 10560 | D:8      | Found a shimmering altar of Xom.
 10836 | D:8      | Noticed Gastronok
 10849 | D:8      | Killed Gastronok
 10849 | D:8      | Gained mutation: You are immune to clouds of flame. [demonic ancestry]
 10849 | D:8      | Reached XP level 10. HP: 60/79 MP: 9/19
 11169 | D:9      | Noticed Maurice
 11383 | D:9      | Found a staircase to the Lair.
 11770 | D:9      | Reached **** piety under Makhleb
 12095 | D:9      | Found the cursed necklace of Bloodlust {*Rage +Rage MR++ Int-3 Slay+6 *Curse}
 12257 | D:9      | Found a staircase to the Orcish Mines.
 14317 | D:9      | Killed Maurice
 14317 | D:9      | Reached skill level 5 in Armour
 14513 | Lair:1   | Entered Level 1 of the Lair of Beasts
 14513 | Lair:1   | Noticed a six-headed hydra
 14523 | Lair:1   | HP: 6/120 [six-headed hydra (7)]
 14524 | Lair:1   | HP: 2/120 [six-headed hydra (6)]
 14525 | Lair:1   | Slain by a six-headed hydra

Skill      XL: |  1  2  3  4  5  6  7  8  9 10 |
---------------+-------------------------------+-----
Fighting       | 1 2 3 4 5 7 8 |  8.0
Fire Magic     | 3 4 5 |  5.0
Invocations    | 2 3 4 6 9 10 | 10.4
Axes           | 2 4 6 7 |  7.2
Armour         | 4 5 |  5.1
Dodging        | |  1.7
Stealth        | |  1.7
Spellcasting   | |  2.0
Conjurations   | |  1.0

Action                   |  1- 3 |  4- 6 |  7- 9 | 10-12 || total
-------------------------+-------+-------+-------+-------++-------
Melee: Club              |    40 |       |       |       ||    40
       Unarmed           |     1 |       |       |       ||     1
       Whip              |    59 |   254 |       |       ||   313
       War axe           |       |    14 |   394 |   238 ||   646
 Cast: Flame Tongue      |    36 |    39 |    11 |       ||    86
       Throw Flame       |    17 |    48 |   118 |    23 ||   206
Invok: Lesser Servant of |       |       |     6 |     4 ||    10
Evoke: Wand              |       |     1 |    16 |     3 ||    20
  Use: Potion            |     3 |     4 |     3 |     7 ||    17
       Scroll            |       |    10 |    11 |     2 ||    23
 Stab: Distracted        |     1 |       |     1 |       ||     2
       Sleeping          |       |     2 |     3 |     2 ||     7
       Invisible         |       |       |       |     1 ||     1
  Eat: Chunk             |     4 |    12 |    17 |     1 ||    34
       Ration            |       |     1 |     4 |     3 ||     8
Armor: Robe              |    50 |    66 |   123 |       ||   239
       Skin              |       |   102 |       |    24 ||   126
       Leather armour    |       |       |   108 |    93 ||   201
Dodge: Dodged            |   122 |   159 |   408 |   118 ||   807
